 Seeded DCSS version 0.31-a0-321-g19405a7a6a (webtiles) character file.

Game seed: 14215367866634240820 (custom seed)

2 innerfire43 the Changeling (level 1, 0/16 HPs)
             Began as a Demonspawn Shapeshifter on July 17, 2023.
             Slain by a ball python (1 damage)
             ... on level 1 of the Dungeon.
             The game lasted 00:00:40 (50 turns).

innerfire43 the Changeling (Demonspawn Shapeshifter)  Turns: 50, Time: 00:00:41

Health: 0/16       AC:  2    Str: 15    XL:     1   Next: 33%
Magic:  1/1        EV:  9    Int:  9    God:
Gold:   7          SH:  0    Dex: 13    Spells: 0/0 levels left

rFire   . .          .
                       - Unarmed
rCold   . . .        (no shield)
rNeg    . . .        a - +0 animal skin
rPois   .            (no helmet)
rElec   .            (no cloak)
rCorr   .            (no gloves)
SInv    .            (no boots)
Will    .....        (no amulet)
Stlth   +            (no ring)
HPRegen 0.22/turn    (no ring)
MPRegen 0.07/turn

%: no passive effects
@: constricted
A: no striking features
a: no special abilities


You were on level 1 of the Dungeon.
You visited 1 branch of the dungeon, and saw 1 of its levels.

You collected 7 gold pieces.

Inventory:

Armour
 a - a +0 animal skin (worn)
Talismans
 c - a beast talisman
Scrolls
 d - a scroll of enchant weapon {unknown}
Potions
 b - a potion of lignification


   Skills:
 * Level 2.0 Fighting
 + Level 1.8 Dodging
 * Level 1.8 Unarmed Combat
 * Level 2.7 Shapeshifting


You couldn't memorise any spells.
You didn't know any spells.
Your spell library was empty.

Dungeon Overview and Level Annotations

Branches:
Dungeon (1/15)

Altars:


Message History

You continue untransforming.
The frilled lizard hisses angrily.
You hear a shout!
You continue untransforming.
The rat barely misses you.
Your transformation has ended.
The goblin shouts!
The rat closely misses you.
You hit the rat.
The rat is heavily wounded.
The rat bites you.
You hit the rat.
You kill the rat!
The ball python barely misses you. The ball python closely misses you.
A jackal comes into view.
The ball python barely misses you. x2
You hit the frilled lizard.
You kill the frilled lizard!
A jackal comes into view.
The ball python misses you. x2
Unknown command.
The jackal barks!
You hear a bark!
The ball python bites you. The ball python grabs you.
The ball python constricts you.
Things that are here:
a frilled lizard corpse; a rat corpse You hit the goblin.
You punch the goblin.
You kill the goblin!
The quokka bites you. The ball python closely misses you.
The ball python constricts you.
You closely miss the jackal. The jackal closely misses you.
The quokka bites you.
The ball python bites you but does no damage.
The ball python constricts you. The jackal bites you.
* * * LOW HITPOINT WARNING * * *
You hit the jackal.
You kill the jackal!
The jackal barely misses you. The quokka bites you.
* * * LOW HITPOINT WARNING * * *
The ball python bites you.
You die...

#. ####.##..#### #.#
.............
#.##.............
#....~~~~≈~≈~~~~~
#....≈≈≈~≈≈≈≈≈≈≈≈ #
#...(~~≈≈≈≈≈≈≈≈≈≈
##.#.###....~≈≈#+#'#≈≈≈≈
......rS....~≈≈+(..##'##
......)@....≈≈≈+...#....
.....#h##...~≈≈#'#'#.###
... #. #....~≈≈≈#...#..
. .. #..⌠..~≈~'.⌠.'.<
... #..⌠..≈~≈'.⌠.'..
.... #....~≈≈≈#...#..
##... #...~~≈#+###.###
#........≈≈≈+ +...
.#....~≈≈+ ##+##


You could see a quokka, a jackal and a ball python.

Vanquished Creatures
  A goblin (D:1)
  A jackal (D:1)
  A frilled lizard (D:1)
  A rat (D:1)
4 creatures vanquished.

Notes
Turn   | Place    | Note
-------+----------+-------------------------------------------
     0 | D:1      | innerfire43 the Demonspawn Shapeshifter began the quest for
                  | the Orb.
     0 | D:1      | Reached XP level 1. HP: 16/16 MP: 1/1
    50 | D:1      | Slain by a ball python

Illustrated notes

Levels and vault maps discovered:
D:1:      dpeg_arrival_castle, layout_basic, serial_forest,
          infiniplex_forest_straight_2, infiniplex_forest_straight_3,
          infiniplex_forest_clump_double, infiniplex_forest_lined_1,
          infiniplex_forest_clump_small, infiniplex_forest_straight_2,
          infiniplex_forest_lined_3_way

Action                     || total
---------------------------++-------
  Melee: Unarmed           ||     6
         Punch             ||     1
 Armour: Animal skin       ||     1
  Dodge: Dodged            ||    11
         Form:             ||     1

Table legend: (Time is in decaauts)
 A = Elapsed time spent in this place.
 B = Non-inter-level travel time spent in this place.
 C = Inter-level travel time spent in this place.
 D = Time resting spent in this place.
 E = Time spent auto-exploring this place.
 F = Levels seen in this place.
 G = Mean time per level.
                   A        B        C        D        E       F      G
               +--------+--------+--------+--------+--------+-----+--------+
         Total |     51 |     51 |      0 |      0 |     36 |   1 |   51.0 |
       Dungeon |     51 |     51 |      0 |      0 |     36 |   1 |   51.0 |
               +--------+--------+--------+--------+--------+-----+--------+

Top non-repeatable levels by time:
     D:1: 51 daAuts
